 Dungeon Crawl Stone Soup version 0.25-a0-566-g062765be81 (webtiles) character file.

Game seed: 11646122646417969155, levelgen mode: deterministic

190 MisterFreud the Skirmisher (level 6, -1/49 HPs)
             Began as a Formicid Abyssal Knight on Feb 27, 2020.
             Was a Believer of Lugonu.
             Slain by Natasha (4 damage)
             ... on level 3 of the Dungeon.
             The game lasted 00:07:26 (2284 turns).

MisterFreud the Skirmisher (FoAK)                   Turns: 2284, Time: 00:07:26

Health: -1/49      AC:  4    Str: 20 (21) XL:     6   Next: 1%
Magic:  7/7        EV: 11    Int: 11 (12) God:    Lugonu [**....]
Gold:   170        SH:  0    Dex: 10 (13) Spells: 5/5 levels left

rFire    . . .     SeeInvis +   y - +0 war axe
rCold    . . .     Gourm    .   (no shield)
rNeg     . . .     Faith    .   b - +0 leather armour
rPois    .         Spirit   .   (helmet unavailable)
rElec    .         Reflect  .   (no cloak)
rCorr    .         Harm     .   A - +0 pair of gloves
MR       .....                  (no boots)
Stlth    +.........             (no amulet)
HPRegen  0.16/turn              g - +3 ring of dexterity
MPRegen  0.10/turn              w - +3 ring of strength

@: mighty, stab
A: permanent stasis, dig shafts and tunnels, four strong arms, antennae 3
a: Dig, Shaft Self, Depart the Abyss, Bend Space, Renounce Religion


You were on level 3 of the Dungeon.
You worshipped Lugonu.
Lugonu was pleased with you.
You were not hungry.

You visited 1 branch of the dungeon, and saw 3 of its levels.
You visited the Abyss 1 time.

You collected 170 gold pieces.

Inventory:

Hand Weapons
 a - a +1 mace
 y - a +0 war axe (weapon)
Missiles
 d - 107 arrows
 h - 5 poisoned darts
 l - 85 stones (quivered)
 t - 27 bolts
Armour
 b - a +0 leather armour (worn)
 A - a +0 pair of gloves (worn)
Jewellery
 g - a +3 ring of dexterity (left hand)
 q - an uncursed ring of positive energy
 w - a +3 ring of strength (right hand)
Scrolls
 e - 2 scrolls of identify {unknown}
 f - a scroll of magic mapping {unknown}
 i - a scroll of amnesia {unknown}
 j - a scroll of noise {unknown}
 k - 2 scrolls of enchant armour {unknown}
 o - 2 scrolls of blinking {unknown}
 s - 2 scrolls of immolation {unknown}
 u - a scroll of teleportation {unknown}
 x - 2 scrolls of enchant weapon {unknown}
Potions
 n - a potion of degeneration
 r - a potion of curing {unknown}
 v - a potion of flight {unknown}
Comestibles
 c - 3 rations
 z - 7 chunks of flesh


   Skills:
 - Level 4.4 Fighting
 + Level 4.0 Maces & Flails
 - Level 2.8 Armour
 - Level 1.7 Dodging
 - Level 0.7 Stealth
 - Level 2.5 Invocations


You had 5 spell levels left.
You didn't know any spells.
Your spell library was empty.

Dungeon Overview and Level Annotations

Branches:
Dungeon (3/15)

Altars:
Gozag

Annotations:
D:3 Natasha


Innate Abilities, Weirdness & Mutations

You cannot be hasted, slowed, berserked, paralysed or teleported.
You can dig through walls and to a lower floor.
Your four strong arms can wield two-handed weapons with a shield.
You have a pair of large antennae on your head. (SInv)


Message History

You barely miss Natasha.
Natasha is severely wounded.
You slash the worm! Natasha barely misses you. The worm bites you!
* * * LOW HITPOINT WARNING * * *
Natasha casts a spell at you. You resist with some effort.
Natasha stares at you and mumbles some strange words.
The magic dart hits you.
* * * LOW HITPOINT WARNING * * *
It was a potion of degeneration.
There was something very wrong with that liquid.
You feel weakened.
You feel dopey.
You feel clumsy. Natasha closely misses you.
It was a potion of stabbing.
You feel ready to backstab. Natasha misses you.
It was a potion of might.
You feel very mighty all of a sudden. Natasha claws you.
You die...

... .............. .... ..
.......... .>...#.
#........ ......(##........
. #.....# { ....##....)#
...........(### #......
........#..wh.# #..... #
........#####@######..... #
........#............... #
........#..............###
#
........#................##
#
........#.................#
#
.......#.................#
# .. #.................####
#. #..................รท).
#.. #.................####


You could see a worm and Natasha.

Vanquished Creatures
  An orc priest (D:1)
  2 orc wizards (D:2)
  Robin (D:3)
  An adder (D:2)
  An ooze (D:1)
  An adder skeleton (D:2)
  A worm (D:3)
  A leopard gecko (D:1)
  6 orcs
  20 goblins
  13 hobgoblins
  4 kobolds
  2 ball pythons
  6 bats
  3 frilled lizards
  6 rats
69 creatures vanquished.

Notes
Turn   | Place    | Note
-------+----------+-------------------------------------------
     0 | Abyss:1  | MisterFreud the Formicid Abyssal Knight began the quest for
                  | the Orb.
     0 | Abyss:1  | Reached XP level 1. HP: 18/18 MP: 2/2
    81 | Abyss:1  | Noticed a large abomination
    81 | Abyss:1  | Noticed a starcursed mass
    82 | D:1      | Escaped the Abyss
   122 | D:1      | Reached * piety under Lugonu
   159 | D:1      | Reached XP level 2. HP: 24/24 MP: 3/3
   269 | D:1      | Reached XP level 3. HP: 12/30 MP: 4/4
   886 | D:2      | Reached skill level 1 in Dodging
   886 | D:2      | Reached XP level 4. HP: 32/37 MP: 5/5
  1100 | D:1      | Reached XP level 5. HP: 40/43 MP: 6/6
  1155 | D:2      | Reached ** piety under Lugonu
  1457 | D:2      | Found an opulent altar of Gozag.
  2182 | D:3      | Noticed Natasha
  2206 | D:3      | Noticed Robin
  2212 | D:3      | Killed Robin
  2260 | D:3      | Reached XP level 6. HP: 34/49 MP: 7/7
  2279 | D:3      | HP: 2/49 [Natasha/magic dart (6)]
  2284 | D:3      | Slain by Natasha

Levels and vault maps discovered:
D:1:      wander_arrival_desolate, layout_rooms, minmay_hedge_maze
D:2:      cheibrodos_pilgrimage, layout_basic,
          nicolae_gozag_cash_rules_everything_around_me
D:3:      layout_basic, serial_bayou_crossing, uniq_robin, uniq_natasha

Skill      XL: |  1  2  3  4  5 |
---------------+----------------+-----
Fighting       | 4 |  4.4
Dodging        | 1 |  1.7
Maces & Flails | 3 4 |  4.0
Armour         | |  2.8
Stealth        | |  0.7
Invocations    | |  2.5

Action                   |  1- 3 |  4- 6 || total
-------------------------+-------+-------++-------
Melee: Mace              |    87 |    52 ||   139
       War axe           |       |    61 ||    61
Invok: Depart the Abyss  |     1 |       ||     1
  Use: Potion            |       |     3 ||     3
 Stab: Sleeping          |       |     1 ||     1
  Eat: Chunk             |       |     5 ||     5
Armor: Leather armour    |    28 |    19 ||    47
Dodge: Dodged            |    51 |    64 ||   115

Table legend:
 A = Non-vault XP
 B = Vault XP
 C = Vault XP percentage of total XP
 D = Non-vault monster count
 E = Vault monster count
 F = Vault count percentage of total count
                 A         B        C        D         E       F
            +---------+---------+-------+---------+---------+-------
      Total |     110 |     162 |  59.6 |      50 |      19 |  27.5
            +---------+---------+-------+---------+---------+-------
        D:1 |      47 |      41 |  46.6 |      25 |       1 |   3.8
        D:2 |      45 |      87 |  65.9 |      18 |       6 |  25.0
        D:3 |      18 |      34 |  65.4 |       7 |      12 |  63.2
            +---------+---------+-------+---------+---------+-------
